 Dungeon Crawl Stone Soup version 0.29-a0-451-gfbfa42419e (webtiles) character file.

Game seed: 1280562289564627639

126 xian the Conjurer (level 4, -3/34 HPs)
             Began as a Draconian Conjurer on May 20, 2022.
             Slain by a gnoll
             ... wielding a +0 club
              (5 damage)
             ... on level 4 of the Dungeon.
             The game lasted 00:06:45 (2263 turns).

xian the Conjurer (Draconian Conjurer)              Turns: 2263, Time: 00:06:45

Health: -3/34      AC:  6    Str: 14    XL:     4   Next: 84%
Magic:  2/8        EV: 12    Int: 21    God:
Gold:   120        SH:  0    Dex: 13    Spells: 5/8 levels left

rFire   x . .      SeeInvis .   o - +8 mace of Patterns {freeze, rF- Str+5 Dex+4}
rCold   . . .      Faith    .   (no shield)
rNeg    . . .      Spirit   .   (body armour unavailable)
rPois   .          Reflect  .   (helmet restricted)
rElec   .          Harm     .   e - +0 cloak
rCorr   .          Rampage  .   (no gloves)
Will    .....                   (no boots)
Stlth   ++........              (no amulet)
HPRegen 0.11/turn               (no ring)
MPRegen 0.11/turn               (no ring)

@: no status effects
A: AC +5, unfitting armour, cold-blooded
a: no special abilities


You were on level 4 of the Dungeon.
You visited 1 branch of the dungeon, and saw 3 of its levels.

You collected 120 gold pieces.

Inventory:

Hand Weapons
 i - a +0 dagger
 n - a +2 hunting sling of freezing
 o - the +8 mace of Patterns (weapon) {freeze, rF- Str+5 Dex+4}
   (You found it on level 2 of the Dungeon)

   It freezes those it strikes, dealing additional cold damage.
   It can also slow down cold-blooded creatures.
   Str:       It affects your strength (+5).
   Dex:       It affects your dexterity (+4).
   rF:        It makes you vulnerable to fire.
Armour
 e - a +0 cloak (worn)
Scrolls
 b - a scroll of teleportation {unknown}
 d - a scroll of identify {unknown}
 g - 2 scrolls of blinking {unknown}
 h - a scroll of silence {unknown}
 k - a scroll of enchant armour {unknown}
 m - a scroll of poison {unknown}
Potions
 a - a potion of magic
 c - 3 potions of curing {unknown}
 f - a potion of haste {unknown}
 j - 2 potions of heal wounds
 l - 2 potions of brilliance {unknown}
 p - a potion of invisibility {unknown}


   Skills:
 + Level 0.4 Fighting
 + Level 0.2 Short Blades
 + Level 0.1 Maces & Flails
 + Level 1.3 Slings
 + Level 2.1 Dodging
 + Level 2.1 Stealth
 + Level 0.1 Unarmed Combat
 + Level 2.8 Spellcasting
 + Level 4.9 Conjurations


You had 5 spell levels left.
You knew the following spells:

 Your Spells              Type           Power      Damage    Failure   Level
a - Magic Dart            Conj           92%        1d7       1%          1
b - Searing Ray           Conj           46%        2d6       2%          2

Your spell library contained the following spells:

 Spells                   Type           Power      Damage    Failure   Level
 Dazzling Flash           Conj/Hex       26%        N/A       14%         3
 Fulminant Prism          Conj/Hex       6%         3d7       43%         4
 Iskenderun's Mystic Bla  Conj/Tloc      13%        2d5       43%         4


Dungeon Overview and Level Annotations

Branches:
Dungeon (2/15)

Altars:
Zin

Annotations:
D:2 1 runed translucent door, Crazy Yiuf


Innate Abilities, Weirdness & Mutations

Your plain brown scales are hard. (AC +5)
You cannot fit into any form of body armour.
You are cold-blooded and may be slowed by cold attacks.


Message History

The gnoll attacks as you move away! The gnoll hits you but does no damage.
You see here a wand of flame (16).
It was a potion of heal wounds.
You feel much better. The gnoll closely misses you.
The gnoll hits you with a +0 whip.
Found a scroll labelled CIATEU HUQUCZI.
The gnoll throws a throwing net.
The throwing net hits you.
You become entangled in the net!
You see here a throwing net.
You struggle against the net.
The gnoll hits you with a +0 flail.
Casting: Searing Ray (safe; 2% risk of failure)
Confirm with . or Enter, or press ? or * to list all spells.
You don't know that spell.
Casting: Searing Ray (safe; 2% risk of failure)
Confirm with . or Enter, or press ? or * to list all spells.
Aiming: Magic Dart (safe; 1% risk of failure)
Press: ? - help, Shift-Dir - straight line, f - gnoll
Aim: a gnoll, wielding a +0 club (100% to hit)
Okay, then.
Casting: Magic Dart (safe; 1% risk of failure)
Confirm with . or Enter, or press ? or * to list all spells.
You don't have enough magic to cast this spell.
Casting: Magic Dart (safe; 1% risk of failure)
Confirm with . or Enter, or press ? or * to list all spells.
Okay, then.
You struggle against the net.
The gnoll hits you with a +0 flail. The gnoll barely misses you.
The gnoll closely misses you.
You shred the net and break free! The gnoll hits you with a +0 flail.
The gnoll barely misses you. The gnoll hits you with a +0 club!
You closely miss the gnoll.
The gnoll is severely wounded.
The gnoll hits you with a +0 flail.
* * * LOW HITPOINT WARNING * * *
The gnoll barely misses you. The gnoll misses you.
You sock the gnoll! You freeze the gnoll.
You kill the gnoll!
The gnoll hits you with a +0 whip.
* * * LOW HITPOINT WARNING * * *
The gnoll barely misses you. The gnoll misses you. x2
The gnoll barely misses you. The gnoll hits you with a +0 club.
You die...

.?.
###########....
..........#....
......... .....
........#.....
########.#..####
.......g@g......
....#.#.#..####
###.####/#..#
.....$......#
##.##...##.##
#.#..$.#....
#.##..........
#. #.#.#..####
#.##.#.#..#


You could see 2 gnolls.

Vanquished Creatures
  A scorpion (D:4)
  2 gnolls (D:4)
  A dart slug (D:1)
  6 ball pythons
  A bat (D:2)
  9 endoplasms
  A giant cockroach (D:4)
  3 goblins
  3 hobgoblins
  4 jackals (D:1)
  2 quokkas (D:1)
  2 frilled lizards
  5 kobolds
  5 rats
45 creatures vanquished.

Vanquished Creatures (others)
  2 fungi (D:2)
2 creatures vanquished.

Grand Total: 47 creatures vanquished

Notes
Turn   | Place    | Note
-------+----------+-------------------------------------------
     0 | D:1      | xian the Draconian Conjurer began the quest for the Orb.
     0 | D:1      | Reached XP level 1. HP: 14/14 MP: 3/3
   459 | D:1      | Reached XP level 2. HP: 19/20 MP: 0/5
   971 | D:1      | Found a faded altar of an unknown god.
  1413 | D:1      | Reached XP level 3. HP: 26/26 MP: 3/6
  1449 | D:1      | Learned a level 2 spell: Searing Ray
  1708 | D:2      | Found a glowing silver altar of Zin.
  2027 | D:2      | Identified the +8 mace of Patterns {freeze, rF- Str+5
                  | Dex+4}
  2047 | D:2      | Found a runed translucent door.
  2048 | D:2      | Noticed Crazy Yiuf
  2163 | D:2      | You fall into a shaft and drop 2 floors!
  2215 | D:4      | Noticed a scorpion
  2224 | D:4      | Killed a scorpion
  2225 | D:4      | Reached XP level 4. HP: 21/33 MP: 6/8
  2230 | D:4      | Reached skill level 1 in Slings
  2252 | D:4      | HP: 1/33 [gnoll/+0 whip (1)]
  2263 | D:4      | Slain by a gnoll

Illustrated notes

Levels and vault maps discovered:
D:1:      dpeg_arrival_tiny_a, layout_basic,
          hellmonk_ecumenical_altar_heavens_door
D:2:      layout_loops_ring, basic_altar, uniq_crazy_yiuf_cottage
D:4:      layout_basic

Skill      XL: |  1  2  3  4 |
---------------+-------------+-----
Stealth        | 2 |  2.1
Dodging        | 2 |  2.1
Slings         | 1 |  1.3
Fighting       | |  0.4
Short Blades   | |  0.2
Maces & Flails | |  0.1
Unarmed Combat | |  0.1
Spellcasting   | |  2.8
Conjurations   | |  4.9

Action                   |  1- 3 |  4- 6 || total
-------------------------+-------+-------++-------
Melee: Unarmed           |     2 |       ||     2
       Dagger            |    32 |       ||    32
       Tailslap          |     3 |       ||     3
       Mace              |    12 |     5 ||    17
 Fire: Hunting sling     |    20 |       ||    20
 Cast: Magic Dart        |    63 |     5 ||    68
       Searing Ray       |       |     1 ||     1
  Use: Potion            |       |     1 ||     1
Armor: Skin              |    21 |     5 ||    26
Dodge: Dodged            |    46 |    15 ||    61

Table legend: (Time is in decaauts)
 A = Elapsed time spent in this place.
 B = Non-inter-level travel time spent in this place.
 C = Inter-level travel time spent in this place.
 D = Time resting spent in this place.
 E = Time spent auto-exploring this place.
 F = Levels seen in this place.
 G = Mean time per level.
                   A        B        C        D        E       F      G
               +--------+--------+--------+--------+--------+-----+--------+
         Total |   2276 |   2250 |     26 |      0 |   1843 |   3 |  758.7 |
       Dungeon |   2276 |   2250 |     26 |      0 |   1843 |   3 |  758.7 |
               +--------+--------+--------+--------+--------+-----+--------+

Top non-repeatable levels by time:
     D:1: 1545 daAuts
     D:2: 627 daAuts
     D:4: 103 daAuts
